 Dungeon Crawl Stone Soup version 0.30-a0-782-ge64f9170bb (console) character file.

Game seed: 6585511399562879917

37920 rlgrobin the Nimble (level 13, -2/71 (76) HPs)
             Began as a Deep Elf Delver on Feb 19, 2023.
             Was an Initiate of Gozag.
             Killed by their own static electricity (4 damage)
             ... on level 5 of the Lair of Beasts.
             The game lasted 00:53:42 (17368 turns).

rlgrobin the Nimble (Deep Elf Delver)              Turns: 17368, Time: 00:53:42

HP:   -2/71 (76)    AC: 14    Str:  9    XL:     13   Next: 61%
MP:   17/30         EV: 15    Int: 27    God:    Gozag
Gold: 3025          SH:  5    Dex: 16    Spells: 23/34 levels left

rFire   + . .      SeeInvis .    a - +4 scimitar (flame)
rCold   . . .      Faith    .    n - +0 buckler
rNeg    . . .      Spirit   .    o - +2 robe {rF+}
rPois   .          Reflect  .    (no helmet)
rElec   .          Harm     .    L - +0 cloak
rCorr   .          Rampage  .    t - +2 pair of gloves
Will    +....                    B - +1 pair of boots
Stlth   ++++                     (no amulet)
HPRegen 0.31/turn                E - +6 ring of intelligence
MPRegen 0.22/turn                A - +4 ring of protection

@: constricted, drained
A: no striking features
a: Renounce Religion, Potion Petition, Call Merchant, Bribe Branch


You were on level 5 of the Lair of Beasts.
You worshipped Gozag.
Gozag was most pleased with you.
You visited 3 branches of the dungeon, and saw 16 of its levels.

You collected 4062 gold pieces.
You spent 565 gold pieces at shops.
You paid 472 gold pieces to Gozag.

Inventory:

Hand Weapons
 a - a +4 scimitar of flaming (weapon)
 x - a +4 falchion of freezing
 U - a +1 double sword of flaming
Missiles
 p - 5 atropa-tipped darts
 s - 17 poisoned darts (quivered)
 J - a throwing net
Armour
 n - a +0 buckler (worn)
 o - a +2 robe of fire resistance (worn)
 r - a scarf of harm
 t - a +2 pair of gloves (worn)
 B - a +1 pair of boots (worn)
 L - a +0 cloak (worn)
 S - +0 swamp dragon scales
Magical Staves
 m - a staff of conjuration
Jewellery
 h - a +6 ring of strength
 y - a ring of flight
 z - a ring of see invisible
 A - a +4 ring of protection (right hand)
 E - a +6 ring of intelligence (left hand)
 F - a ring of willpower
Wands
 d - a wand of flame (31)
 g - a wand of digging (3)
 w - a wand of acid (7)
 C - a wand of polymorph (8)
 K - a wand of mindburst (28)
 P - a wand of paralysis (16)
 R - a wand of roots (3)
Scrolls
 c - 4 scrolls of fog
 e - a scroll of fear
 i - 6 scrolls of amnesia
 j - 3 scrolls of teleportation
 l - 2 scrolls of enchant armour
 q - 6 scrolls of poison
 u - 2 scrolls of magic mapping
 Q - 2 scrolls of identify
 T - a scroll of butterflies
Potions
 b - 3 potions of might
 f - a potion of cancellation
 k - 3 potions of haste
 v - 4 potions of mutation
 D - 2 potions of curing
 G - a potion of heal wounds
 H - 2 potions of flight
 I - a potion of resistance
 M - 2 potions of lignification
 N - a potion of brilliance
 V - a potion of magic
 W - a potion of ambrosia
Miscellaneous
 O - a lightning rod (4/4)


   Skills:
 - Level 7.5 Fighting
 - Level 2.0(7.0) Short Blades
 - Level 9.7(9.8) Long Blades
 - Level 12.0 Dodging
 - Level 8.1 Stealth
 - Level 3.1 Shields
 - Level 11.4 Spellcasting
 - Level 8.9 Conjurations
 + Level 3.8 Translocations
 - Level 5.0 Ice Magic
 + Level 8.4 Air Magic
 - Level 3.3 Evocations


You had 23 spell levels left.
You knew the following spells:

 Your Spells              Type           Power      Damage    Failure   Level
a - Freeze                Ice            100%       1d10      1%          1
b - Frozen Ramparts       Ice            84%        1d13      1%          3
c - Mephitic Cloud        Conj/Pois/Air  46%        N/A       1%          3
d - Blink                 Tloc           72%        N/A       1%          2
e - Static Discharge      Conj/Air       100%       2-7/arc   1%          2

Your spell library contained the following spells:

 Spells                   Type           Power      Damage    Failure   Level
 Foxfire                  Conj/Fire      100%       2x1d9     1%          1
 Magic Dart               Conj           100%       1d8       1%          1
 Hailstorm                Conj/Ice       52%        3d12      1%          3
 Vhi's Electric Charge    Tloc/Air       96%        N/A       1%          3
 Arcjolt                  Conj/Air       29%        1d39      3%          5
 Lightning Bolt           Conj/Air       29%        1d45      3%          5
 Call Imp                 Summ           15%        N/A       8%          2
 Manifold Assault         Tloc           36%        N/A       10%         4
 Fireball                 Conj/Fire      19%        3d9       22%         5
 Starburst                Conj/Fire      19%        6d7       75%         6
 Storm Form               Tmut/Air       19%        N/A       100%        7


Dungeon Overview and Level Annotations

Branches:
Dungeon (10/15)            Temple (1/1) D:5            Lair (5/5) D:9
  Swamp (0/4) Lair:2        Snake (0/4) Lair:3        Slime (0/5) Lair:4
    Orc (0/2) D:9

Altars:
Ashenzari
Cheibriados
Dithmenos
Elyvilon
Fedhas
Gozag
Hepliaklqana
Kikubaaqudgha
Makhleb
Nemelex Xobeh
Okawaru
Qazlal
Ru
Sif Muna
Trog
Uskayaw
Vehumet
Wu Jian
Xom
Yredelemnul
Zin
The Shining One
Jiyva

Shops:
Lair:5 [

Portals:
Trove: D:10 (give 5 potions of resistance)

Annotations:
D:3 Jessica
D:4 exclusion: necrophage
Lair:2 1 runed translucent door
Lair:3 exclusion: oklob plant
Lair:5 exclusion: obsidian statue


Message History

The spectral anaconda constricts you.
You block the spectral anaconda's attack.
The spectral anaconda constricts you.
Casting: Static Discharge (safe; 1% risk of failure)
Confirm with . or Enter, or press ? or * to list all spells.
The spectral anaconda is struck by an arc of lightning.
The spectral anaconda is almost destroyed.
You are struck by an arc of lightning.
The spectral anaconda is struck by an arc of lightning.
The spectral anaconda is almost destroyed.
You are struck by an arc of lightning.
The lightning grounds out.
The spectral anaconda bites you!
* * * LOW HITPOINT WARNING * * *
You feel drained.
* * * LOW HITPOINT WARNING * * *
The spectral anaconda constricts you.
* * * LOW HITPOINT WARNING * * *
The spectral anaconda closely misses you.
The spectral anaconda constricts you.
Casting: Static Discharge (safe; 1% risk of failure)
Confirm with . or Enter, or press ? or * to list all spells.
The spectral anaconda is struck by an arc of lightning.
The spectral anaconda is almost destroyed.
You are struck by an arc of lightning.
* * * LOW HITPOINT WARNING * * *
The spectral anaconda is struck by an arc of lightning.
The spectral anaconda is almost destroyed.
You are struck by an arc of lightning.
* * * LOW HITPOINT WARNING * * *
The lightning grounds out.
The spectral anaconda bites you.
* * * LOW HITPOINT WARNING * * *
The spectral anaconda constricts you.
Okay, then.
Casting: Static Discharge (safe; 1% risk of failure)
Confirm with . or Enter, or press ? or * to list all spells.
The spectral anaconda is struck by an arc of lightning.
The spectral anaconda is almost destroyed.
You are struck by an arc of lightning.
You die...
Your body crumbles into a pile of gold.

##.###.#.# ##....#...###......#.
#..###.#.###.....#..+###......#.
##.P.P....#...........##.....#.#
#.........##............##..+##.
##...P#..##.....#.#+..###.....#.
#...P.######P....#.....##.....##
##..#### #...D.#............##
#...#### ####...Z##.....#...⌠..#.
##P.##.###PP....@###..⌠..#.....#.
##...............##.....#.....#.
#................##.......⌠...∩
#.................##...........
##..#.......#.......##..⌠..<(.⌠.
##...##.....##...##..##.........?
#.#..##.....#...#.###...#...⌠...#
###...#.....###...###...##.....##
##...##.....##..##.....####+#.#.


You could see a seven-headed hydra and a spectral anaconda (corroded).

Vanquished Creatures
  Erica (Lair:2)
  A boulder beetle (Lair:4)
  A two-headed ogre (D:10)
  A skyshark (Lair:3)
  A necromancer (Lair:5)
  An oklob plant (Lair:3)
  8 black mambas
  2 elephants
  A dire elephant zombie (Lair:5)
  A gargoyle (D:10)
  A dire elephant skeleton (Lair:5)
  13 cane toads
  2 rime drakes (Lair:2)
  Maggie (Lair:1)
  11 komodo dragons
  A troll (D:9)
  2 polar bears
  3 hornets
  6 dream sheep (Lair:5)
  31 blink frogs
  3 slime creatures (Lair:4)
  2 shadows (D:9)
  A wraith (D:10)
  A human (Lair:2)
  41 yaks
  3 wyverns
  3 basilisks
  A steam dragon (D:8)
  4 acid dragons
  24 water moccasins
  2 ice beasts
  A sky beast (D:7)
  An orc warrior (D:9)
  An ogre (D:6)
  3 black bears
  6 wolves
  2 centaurs (D:10)
  A kobold brigand (D:9)
  4 necrophages
  9 bullfrogs
  3 cane toad simulacra (Lair:5)
  A gnoll sergeant (D:8)
  5 scorpions
  7 wights (D:9)
  4 killer bees (D:9)
  7 howler monkeys
  3 crimson imps (D:5)
  4 jellies
  3 hounds
  An orc priest (D:10)
  A gnoll bouda (D:8)
  3 iguanas
  7 orc wizards
  8 gnolls
  9 adders
  A shadow imp (D:6)
  2 white imps
  2 ufetubi
  3 worms
  4 dart slugs
  17 orcs
  3 bats
  6 endoplasms
  2 giant cockroaches
  7 hobgoblins
  3 jackals (D:4)
  6 quokkas
  5 ball pythons
  2 frilled lizards (D:3)
  3 goblins
  11 kobolds
  3 rats
348 creatures vanquished.

Vanquished Creatures (others)
  A bush (Lair:5)
  67 fungi
  71 plants
  32 withered plants (Lair:5)
171 creatures vanquished.

Grand Total: 519 creatures vanquished

Notes
Turn   | Place    | Note
-------+----------+-------------------------------------------
     0 | D:5      | rlgrobin the Deep Elf Delver began the quest for the Orb.
     0 | D:5      | Reached XP level 1. HP: 13/13 MP: 3/3
    55 | D:5      | Found a staircase to the Ecumenical Temple.
    64 | Temple   | Entered the Ecumenical Temple
   250 | Temple   | Became a worshipper of Gozag Ym Sagoz the Greedy
   339 | D:4      | Noticed a necrophage
   401 | D:2      | Reached XP level 2. HP: 14/18 MP: 4/4
   677 | D:1      | Learned a level 1 spell: Freeze
   843 | D:1      | Reached XP level 3. HP: 22/22 MP: 6/6
  1027 | D:1      | Reached skill level 1 in Spellcasting
  1240 | D:1      | Reached skill level 1 in Ice Magic
  2128 | D:3      | Reached XP level 4. HP: 16/27 MP: 5/9
  2185 | D:3      | Noticed Jessica
  2212 | D:3      | Found a faded altar of an unknown god.
  2405 | D:3      | Found a snail-covered altar of Cheibriados.
  2885 | D:4      | Reached XP level 5. HP: 31/31 MP: 8/12
  3458 | D:5      | Learned a level 3 spell: Frozen Ramparts
  3473 | D:5      | Reached skill level 5 in Spellcasting
  3473 | D:5      | Reached XP level 6. HP: 36/36 MP: 13/15
  3586 | D:5      | Found a shimmering altar of Xom.
  3758 | D:5      | Reached skill level 3 in Dodging
  3867 | D:5      | Reached skill level 5 in Ice Magic
  3895 | D:5      | Learned a level 3 spell: Mephitic Cloud
  3992 | D:5      | Learned a level 2 spell: Blink
  4044 | D:5      | Reached XP level 7. HP: 40/40 MP: 13/17
  4109 | D:5      | Found a shimmering blue altar of Sif Muna.
  4127 | D:5      | Found an ornate altar of the Wu Jian Council.
  4174 | D:5      | Reached skill level 1 in Conjurations
  4210 | D:6      | Reached skill level 4 in Dodging
  4748 | D:6      | Reached XP level 8. HP: 36/45 MP: 19/21
  5271 | D:7      | Found a shadowy altar of Dithmenos.
  6056 | D:8      | Reached skill level 1 in Air Magic
  6056 | D:8      | Reached skill level 1 in Evocations
  6084 | D:8      | Reached XP level 9. HP: 46/49 MP: 10/23
  6284 | D:8      | Reached skill level 5 in Dodging
  6486 | D:8      | Learned a level 2 spell: Static Discharge
  6574 | D:8      | Found a bloodstained altar of Trog.
  6633 | D:8      | Found a glowing silver altar of Zin.
  6640 | D:8      | Found an iron altar of Okawaru.
  6645 | D:8      | Found an ancient bone altar of Kikubaaqudgha.
  6885 | D:9      | Noticed a komodo dragon
  6910 | D:9      | Reached skill level 6 in Dodging
  7096 | D:9      | Reached skill level 5 in Conjurations
  7332 | D:9      | Reached skill level 1 in Long Blades
  7698 | D:9      | Noticed a troll
  7713 | D:9      | Killed a troll
  7718 | D:9      | Reached XP level 10. HP: 40/56 MP: 16/24
  7941 | D:9      | Found a staircase to the Orcish Mines.
  8007 | D:9      | Reached skill level 7 in Dodging
  8099 | D:9      | Reached skill level 8 in Dodging
  8196 | D:9      | Found a staircase to the Lair.
  8438 | D:9      | Reached skill level 9 in Dodging
  8596 | D:10     | Entered Level 10 of the Dungeon
  8596 | D:10     | Found a portal to a secret trove of treasure.
  8606 | D:10     | Reached skill level 1 in Shields
  8800 | D:10     | Noticed a two-headed ogre
  8807 | D:10     | Reached skill level 5 in Long Blades
  8818 | D:10     | Killed a two-headed ogre
  8834 | D:10     | Noticed a gargoyle
  8848 | D:10     | Killed a gargoyle
  9063 | D:10     | Reached XP level 11. HP: 61/61 MP: 25/25
  9078 | D:10     | Found a sacrificial altar of Ru.
  9254 | Lair:1   | Entered Level 1 of the Lair of Beasts
  9720 | Lair:1   | Noticed Maggie
  9870 | Lair:1   | Reached skill level 10 in Spellcasting
  9874 | Lair:1   | Reached skill level 10 in Dodging
 10348 | Lair:1   | Killed Maggie
 10908 | Lair:2   | Found a staircase to the Swamp.
 11284 | Lair:2   | Reached skill level 11 in Dodging
 11469 | Lair:2   | Noticed Erica
 11473 | Lair:2   | Identified a scroll of acquirement
 11473 | Lair:2   | Acquired a +1 double sword of draining
 11494 | Lair:2   | Killed Erica
 11512 | Lair:2   | Reached XP level 12. HP: 68/68 MP: 24/29
 11757 | Lair:2   | Reached skill level 5 in Fighting
 12002 | Lair:2   | Reached skill level 12 in Dodging
 12405 | Lair:2   | Found a runed translucent door.
 12944 | Lair:3   | Found a staircase to the Snake Pit.
 12988 | Lair:3   | Noticed a catoblepas
 14309 | Lair:4   | Reached skill level 5 in Air Magic
 14493 | Lair:4   | Reached XP level 13. HP: 76/76 MP: 27/30
 14843 | Lair:4   | Identified the +3 ring mail "Veduoh" {Regen+ rCorr Str-4}
 15126 | Lair:4   | Found a staircase to the Slime Pits.
 15126 | Lair:4   | Found a viscous altar of Jiyva.
 15394 | Lair:5   | Entered Level 5 of the Lair of Beasts
 15629 | Lair:5   | Noticed a dire elephant
 16159 | Lair:5   | Reached skill level 1 in Translocations
 16336 | Lair:5   | Bought a pair of glowing gloves for 292 gold pieces
 16339 | Lair:5   | Bought a steaming leather armour for 273 gold pieces
 16339 | Lair:5   | Identified the +1 leather armour of Usueries {Dex+2} (You
                  | bought it in a shop on level 5 of the Lair of Beasts)
 16388 | Lair:5   | Noticed a dire elephant
 16388 | Lair:5   | Noticed a dire elephant
 17367 | Lair:5   | HP: 2/71 [spectral anaconda (6)]
 17368 | Lair:5   | Killed from afar by themself

Illustrated notes

Levels and vault maps discovered:
D:1:      psy_arrival_radial02, layout_basic
D:2:      layout_rooms, grunt_ministairs_7
D:3:      layout_rooms, cheibrodos_worm_habitat, ebering_ecumenical_altar_hall,
          uniq_jessica
D:4:      layout_basic, hangedman_decor_riveting
D:5:      layout_loops_ring, mainiacjoe_overflow_swirl, led_xom_imps,
          minmay_temple_entry_tees
D:6:      layout_loops_ring
D:7:      layout_rooms, mainiacjoe_overflow_catwalk, minmay_misc_feat_tiny,
          minmay_misc_feat_roman, chequers_decorated_corner
D:8:      layout_gridville, mainiacjoe_overflow_chevrons,
          grunt_temple_overflow_diamond
D:9:      layout_loops_ring, grunt_lair_entry_orc_guard_hut, grunt_ministairs_1
D:10:     layout_rooms, mainiacjoe_overflow_six_doors_small, enter_trove_0
Temple:   nicolae_temple_bog_church
Lair:1:   layout_long_grid, cheibrodos_lair_reptile_den, grunt_megastairs_2,
          infiniplex_staircase_pool_2, uniq_maggie
Lair:2:   nzn_winding_woodlands_medium [nzn_winding_woodlands_5x5_cross,
          nzn_winding_woodlands_5x15_concentric,
          nzn_winding_woodlands_5x5_closed_star,
          nzn_winding_woodlands_5x5_checkerboard,
          nzn_winding_woodlands_center_lodge,
          nzn_winding_woodlands_5x5_perimeter,
          nzn_winding_woodlands_5x5_default, nzn_winding_woodlands_5x15_crooked,
          nzn_winding_woodlands_hourglass], layout_cellular_growth,
          swamp_mist_pool, pdpol_lair_cabin_in_the_woods, uniq_erica
Lair:3:   layout_cave_pods, guppyfry_snake_entry_island,
          minmay_lair_oklob_items, serial_bayou_shore_b
Lair:4:   beast_lair_carwin_large_1, layout_regular_city,
          minmay_slime_entry_pillars
Lair:5:   due_jungle_book, layout_regular_city, grunt_megastairs_3,
          infiniplex_staircase_pool

Skill      XL: |  1  2  3  4  5  6  7  8  9 10 11 12 13 |
---------------+----------------------------------------+-----
Spellcasting   | 2 3 5 7 8 11 | 11.4
Ice Magic      | 1 3 4 5 |  5.0
Dodging        | 3 4 6 9 11 12 | 12.0
Conjurations   | 4 6 8 |  8.9
Stealth        | 8 |  8.1
Air Magic      | 3 4 5 8 |  8.4
Evocations     | 3 |  3.3
Long Blades    | 4 6 8 9 |  9.7
Fighting       | 3 4 7 |  7.5
Shields        | 3 |  3.1
Translocations | 3 |  3.8
Short Blades   | |  2.0

Action                     |  1- 3 |  4- 6 |  7- 9 | 10-12 | 13-15 || total
---------------------------+-------+-------+-------+-------+-------++-------
  Melee: Short sword       |    49 |       |       |       |       ||    49
         Rapier            |    31 |    97 |   152 |       |       ||   280
         Falchion          |       |       |    14 |   382 |       ||   396
         Scimitar          |       |       |       |    69 |   214 ||   283
  Throw: Dart              |       |       |       |       |     8 ||     8
   Cast: Freeze            |     6 |    17 |    47 |    50 |     6 ||   126
         Mephitic Cloud    |       |       |     5 |    16 |     3 ||    24
         Frozen Ramparts   |       |       |     2 |    54 |    22 ||    78
         Static Discharge  |       |       |    16 |    20 |     9 ||    45
         Blink             |       |       |       |     3 |       ||     3
 Invoke: Call Merchant     |       |       |       |       |     1 ||     1
  Evoke: Wand              |       |     1 |    13 |     5 |     4 ||    23
         Lightning rod     |       |       |       |     3 |       ||     3
    Use: Scroll            |     1 |     6 |     7 |     9 |     4 ||    27
         Potion            |     1 |       |       |     3 |     5 ||     9
   Stab: Sleeping          |    17 |    10 |     7 |     6 |     4 ||    44
         Distracted        |     1 |       |     3 |     1 |       ||     5
         Confused          |       |       |     1 |    19 |     2 ||    22
 Armour: Leather armour    |     6 |       |       |       |       ||     6
         Robe              |    31 |    32 |    95 |   117 |    55 ||   330
  Dodge: Dodged            |    62 |    39 |   107 |   261 |   122 ||   591
  Block: Buckler           |    13 |     8 |    21 |    72 |    39 ||   153

Table legend: (Time is in decaauts)
 A = Elapsed time spent in this place.
 B = Non-inter-level travel time spent in this place.
 C = Inter-level travel time spent in this place.
 D = Time resting spent in this place.
 E = Time spent auto-exploring this place.
 F = Levels seen in this place.
 G = Mean time per level.
                   A        B        C        D        E       F      G
               +--------+--------+--------+--------+--------+-----+--------+
         Total |  17388 |  16935 |    453 |   3033 |   9634 |  16 | 1086.8 |
       Dungeon |   9088 |   8766 |    322 |   1167 |   5393 |  10 |  908.8 |
        Temple |    209 |    182 |     27 |      0 |    168 |   1 |  209.0 |
          Lair |   8091 |   7988 |    103 |   1866 |   4072 |   5 | 1618.2 |
               +--------+--------+--------+--------+--------+-----+--------+

Top non-repeatable levels by time:
  Lair:5: 1967 daAuts
  Lair:2: 1838 daAuts
     D:9: 1771 daAuts
  Lair:1: 1645 daAuts
  Lair:3: 1488 daAuts
  Lair:4: 1150 daAuts
     D:1: 1148 daAuts
     D:6: 972 daAuts
     D:8: 958 daAuts
     D:5: 854 daAuts
     D:4: 789 daAuts
     D:7: 764 daAuts
     D:3: 651 daAuts
    D:10: 622 daAuts
     D:2: 555 daAuts
